 Dungeon Crawl Stone Soup version 0.29.1-1-gd02db6906a (webtiles) character file.

Game seed: 9331513442714289310

30 Gabide the Grave Robber (level 3, -3/26 HPs)
             Began as a Ghoul Necromancer on Sept 21, 2022.
             Slain by a goblin
             ... wielding a +0 club
             ... led by Robin
              (6 damage)
             ... on level 1 of the Dungeon.
             The game lasted 00:04:01 (1956 turns).

Gabide the Grave Robber (Ghoul Necromancer)         Turns: 1956, Time: 00:04:02

Health: -3/26      AC:  2    Str: 11    XL:     3   Next: 20%
Magic:  5/5        EV: 12    Int: 12    God:
Gold:   84         SH:  0    Dex:  9    Spells: 5/6 levels left

rFire   . . .      SeeInvis .   (no weapon)
rCold   + . .      Faith    .   (no shield)
rNeg    + + +      Spirit   .   a - +0 robe
rPois   ∞          Reflect  .   (no helmet)
rElec   .          Harm     .   (no cloak)
rCorr   .          Rampage  .   (no gloves)
Will    .....                   (no boots)
Stlth   ++........              (no amulet)
HPRegen 0.00/turn               (no ring)
MPRegen 0.09/turn               (no ring)

@: inhibited regen
A: claws 1, cold resistance 1, negative energy resistance 3, inhibited
regeneration, torment resistance 2, devour on kill
a: no special abilities


You were on level 1 of the Dungeon.
You visited 1 branch of the dungeon, and saw 2 of its levels.

You collected 84 gold pieces.

Inventory:

Armour
 a - a +0 robe (worn)
Scrolls
 c - a scroll of teleportation {unknown}
 d - 2 scrolls of vulnerability
 g - a scroll of poison {unknown}
 i - a scroll of fog {unknown}
Potions
 b - a potion of magic
 e - a potion of haste


   Skills:
 + Level 2.2 Dodging
 + Level 2.8 Stealth
 + Level 2.1 Spellcasting
 + Level 4.2 Necromancy


You had 5 spell levels left.
You knew the following spells:

 Your Spells              Type           Power      Damage    Failure   Level
a - Necrotise             Necr           44%        1d6       4%          1

Your spell library contained the following spells:

 Spells                   Type           Power      Damage    Failure   Level
 Vampiric Draining        Necr           11%        2d6       14%         3
 Ensorcelled Hibernation  Hex/Ice        2%         N/A       38%         2
 Passwall                 Tmut/Erth      0%         N/A       38%         2
 Animate Dead             Necr           11%        N/A       43%         4
 Swiftness                Air            1%         N/A       63%         3
 Agony                    Necr           11%        N/A       78%         5


Dungeon Overview and Level Annotations

Branches:
Dungeon (2/15)

Altars:

Annotations:
D:2 Robin


Innate Abilities, Weirdness & Mutations

You are immune to poison.
You have sharp fingernails.
Your flesh is cold resistant. (rC+)
You are immune to negative energy. (rN+++)
You do not regenerate when monsters are visible.
You are immune to unholy pain and torment.
You thrive by killing the living.


Message History

The goblin writhes in agony.
You see here a +0 mace.
You start resting.
Your extra speed is starting to run out.
Your goblin skeleton crumbles into dust!
You start resting.
A goblin is nearby!
Aiming: Necrotise (safe; 4% risk of failure)
Press: ? - help, Q - select action Shift-Dir - straight line, f/p - goblin
Aim: a goblin, wielding a +0 club (moderately wounded, chance to affect: 80%)
The goblin writhes in agony.
You kill the goblin!
The dead are walking!
You feel yourself slow down.
Your goblin skeleton crumbles into dust!
Magic restored.
HP restored.
Done exploring.
There is a stone staircase leading down here.
You climb downwards.
Level annotation: Robin Robin roars a battlecry!
The goblins go into a battle-frenzy!
The goblin misses you. The hobgoblin hits you.
There is a stone staircase leading up here.
You see here a potion of mutation.
The goblin hits you with a +0 dagger. The goblin hits you with a +0 club.
The hobgoblin hits you.
You climb upwards.
There is a stone staircase leading down here.
The hobgoblin closely misses you. The goblin hits you with a +0 dagger.
The goblin attacks as you move away! The goblin hits you with a +0 dagger.
The hobgoblin attacks as you move away! The hobgoblin hits you.
* * * LOW HITPOINT WARNING * * *
The goblin attacks as you move away! The goblin misses you.
The goblin hits you with a +0 dagger.
* * * LOW HITPOINT WARNING * * *
The goblin hits you with a +0 club.
You die...

#.#...####.........####...#.##
#........'.........+..........
#.#...####.........####...#.##
###.##.## ##.......## ##.##.#
#.....## ##.....## #####.##
#.###.# ##...## #..=..). #.#
#.#### ##'## #.###.##
#.###....# #####g## #.# #.#
#.....##.# #...@g.# #.# #.#
##.##.##.# #.###g.#######.# #.#
#.##.##.###.##..)##...##.# #.#
#.##...................#.###.##
#.#####.###.#..................
#.#####.# #.###..........###.##
#.......# #...)..............#
######### #####>.........#####
#.#.......##


You could see a hobgoblin (strong) and 2 goblins.

Vanquished Creatures
  6 endoplasms (D:1)
  7 goblins
  2 hobgoblins
  2 jackals (D:1)
  A quokka (D:1)
  3 bats (D:1)
  3 kobolds (D:1)
  A rat (D:1)
25 creatures vanquished.

Vanquished Creatures (collateral kills)
  A goblin (D:1)
1 creature vanquished.

Grand Total: 26 creatures vanquished

Notes
Turn   | Place    | Note
-------+----------+-------------------------------------------
     0 | D:1      | Gabide the Ghoul Necromancer began the quest for the Orb.
     0 | D:1      | Reached XP level 1. HP: 14/14 MP: 2/2
   628 | D:1      | Reached XP level 2. HP: 20/20 MP: 1/3
  1563 | D:2      | Reached XP level 3. HP: 26/26 MP: 0/5
  1570 | D:2      | Noticed Robin
  1580 | D:1      | HP: 1/26 [goblin/+0 dagger[Robin] (3)]
  1956 | D:1      | Slain by a goblin

Illustrated notes

Levels and vault maps discovered:
D:1:      sevenhm_arrival_forest_fort_small_4, layout_loops_corners
D:2:      layout_loops_cross, minmay_misc_feat_pillars, minivault_4,
          dk_noncrumbling_2, minmay_misc_feat_iff, uniq_robin

Skill      XL: |  1  2 |
---------------+-------+-----
Dodging        | 2 |  2.2
Spellcasting   | 2 |  2.1
Stealth        | |  2.8
Necromancy     | |  4.2

Action                   || total
-------------------------++-------
Melee: Unarmed           ||    19
       Punch             ||     1
 Cast: Necrotise         ||    40
  Use: Scroll            ||     3
       Potion            ||     1
Armor: Robe              ||     3
Dodge: Dodged            ||    20
